 Dungeon Crawl Stone Soup version 0.31-a0-662-g684573625c (webtiles) character file.

Game seed: 15782712401014934639

4432 spiderkeys the Grappler (level 10, 0/71 HPs)
             Began as an Octopode Shapeshifter on Aug 30, 2023.
             Was an Initiate of Gozag.
             Succumbed to Amaemon's poison
             ... on level 8 of the Dungeon on Sept 1, 2023.
             The game lasted 00:14:03 (6274 turns).

spiderkeys the Grappler (Octopode Shapeshifter)     Turns: 6274, Time: 00:14:03

Health: 0/71       AC:  1    Str: 24    XL:     10   Next: 36%
Magic:  10/10      EV: 21    Int: 13    God:    Gozag
Gold:   704        SH:  0    Dex: 13    Spells: 9/9 levels left

rFire   . .          .
                       - Unarmed
rCold   . . .        (no shield)
rNeg    . . .        (helmet currently unavailable)
rPois   .            q - amulet "Moomes" {Regen+ Str+2 Stlth+}
rElec   .            E - +5 ring of evasion
rCorr   +            R - ring of resist corrosion
SInv    .            S - +6 ring of strength
Will    .....        (no ring)
Stlth   +++          (no ring)
HPRegen 1.11/turn    (no ring)
MPRegen 0.12/turn    (no ring)
                     (no ring)

%: no passive effects
@: lethally poisoned (0 -> -7), beast-form
A: beast (slay +4), almost no armour, amphibious, 8 rings, camouflage 1,
gelatinous body 1, (nimble swimmer 1), tentacles
a: Begin Untransformation, Renounce Religion, Potion Petition, Call Merchant,
Bribe Branch


You were on level 8 of the Dungeon.
You worshipped Gozag.
Gozag was pleased with you.
You were a hulking beast.
You visited 1 branch of the dungeon, and saw 8 of its levels.

You collected 975 gold pieces.
You spent 212 gold pieces at shops.
You paid 59 gold pieces to Gozag.


Innate Abilities, Weirdness & Mutations

You are a hulking beast.
Your limbs bulge with bestial killing power. (Slay +4)
You cannot wear most types of armour.
You are amphibious.
You can wear up to eight rings at the same time.
Your skin changes colour to match your surroundings (Stealth+).
Your rubbery body absorbs attacks. (AC +1, EV +1)
((You are camouflaged when in or above water. (Stealth+)))
You have tentacles for arms and can constrict up to eight enemies at once.


   Skills:
 + Level 7.4 Fighting
 + Level 7.7 Dodging
 + Level 8.0 Unarmed Combat
 + Level 7.5 Shapeshifting


You had 9 spell levels left.
You didn't know any spells.
Your spell library contained the following spells:

 Spells                   Type           Power      Damage    Failure   Level
 Apportation              Tloc           0%         N/A       30%         1
 Blink                    Tloc           0%         N/A       43%         2
 Ozocubu's Armour         Ice            0%         N/A       67%         3
 Manifold Assault         Tloc           0%         N/A       97%         4
 Alistair's Intoxication  Tmut/Pois      0%         N/A       100%        5
 Iskenderun's Battlesphe  Conj           0%         2d6       100%        5
 Leda's Unmaking          Conj/Erth      0%         9d1       100%        6
 Ozocubu's Refrigeration  Ice            0%         4d7       100%        7
 Spellforged Servitor     Conj/Summ      0%         N/A       100%        7

Inventory:

Missiles
 f - 58 stones
 g - 9 poisoned darts
 l - 4 darts of dispersal {=f!f}
 n - 9 boomerangs
Magical Staves
 k - a staff of fire {!a}
   (You found it on level 2 of the Dungeon)
Jewellery
 q - the amulet "Moomes" (around mantle) {Regen+ Str+2 Stlth+}
   (You found it on level 3 of the Dungeon)

   [amulet of regeneration]

   Str+2:     It affects your strength (+2).
   Regen+:    It increases your rate of health regeneration.
   Stlth+:    It makes you more stealthy.
 E - a +5 ring of evasion (left tentacle)
   (You found it on level 4 of the Dungeon)
 R - a ring of resist corrosion (right tentacle)
   (You bought it in a shop on level 5 of the Dungeon)
 S - a +6 ring of strength (on tentacle)
   (You found it on level 7 of the Dungeon)
Talismans
 b - a beast talisman (active)
 c - a flux talisman
Wands
 e - a wand of charming (5)
   (You took it off Ijyb on level 4 of the Dungeon)
Scrolls
 d - a scroll of enchant armour
 h - 2 scrolls of noise {!r}
 i - a scroll of fog
 o - 3 scrolls of fear
 p - 4 scrolls of revelation
 t - a scroll of poison {unknown}
 v - a scroll of immolation {!r!r}
 w - 2 scrolls of identify {@r1}
Potions
 r - a potion of haste {@q3}

Dungeon Overview and Level Annotations

Branches:
Dungeon (8/15) Zot: 26399  Temple (0/1) D:6            Lair (0/5) D:8

Altars:
Ashenzari
Elyvilon
Gozag
Kikubaaqudgha
Nemelex Xobeh
Okawaru
Ru
Sif Muna
Xom

Shops:
D:5 **:!!

Annotations:
D:3 3 runed translucent doors, Elion's ghost, amateur NaSh
D:8 Amaemon

##.. #.##.# +6.. #.##.# #..y
#.##.#### ...## #.##.#..#
#..# #.##.#..##
#.###..##########.##.#..#.
#.......##.h......##.#..#.
...#####.##o#####..##.#..#. #
#####.hhD# #..##.#....
#.......ho6#####..##.##.##
#..#######oo..#..###))).#
#<............#########
#.......#.#.####..#.....#....
#.#####.#.#..#....#####.#.###
..#.#..#....# #.#.#
.#.#.#.##...># #.#.#
..#####.....### #.#.#


You could see Amaemon (ally target), a wolf, a hound, a friendly steam dragon
(summoned), a friendly black bear (summoned), a friendly orc wizard (summoned)
and 3 friendly orcs.


Message History

😕 HP[+1]
The centaur shoots an arrow.
The arrow misses you. 😕 HP[+1]
You barely miss the centaur. Your squeeze misses the centaur.
The centaur unwields a +0 shortbow.
The centaur wields a +0 dagger.
The centaur completely misses you. The centaur kicks you. 😕 HP[-1]
You take 1 damage, and now have 67/71 hp.
You tentacle-slap the centaur. Your squeeze misses the centaur.
The centaur misses you. x2 😕 HP[+1]
You barely miss the centaur. The centaur closely misses you.
The centaur misses you. The centaur barely misses you.
The centaur completely misses you. 😕 HP[+1]
You tentacle-slap the centaur. You squeeze the centaur.
The centaur hits you with a +0 dagger! The centaur misses you. 😕 HP[-8]
You take 8 damage, and now have 61/71 hp.
You bludgeon the centaur!
You kill the centaur! 😕 HP[+1]
You now have 688 gold pieces (gained 29).
Things that are here:
a +0 dagger; a +0 shortbow A wolf comes into view.
The wolf moves out of view. 😕 HP[+2]
You regained 2 hp, and now have 64/71 hp. 😕 HP[+1]
A wolf is nearby! 😕 HP[+1] 😕 HP[+2]
You regained 2 hp, and now have 68/71 hp. 😕 HP[+1] 😕 HP[+1]
Things that are here:
a +0 dagger; a +0 shortbow You now have 696 gold pieces (gained 8).
You now have 704 gold pieces (gained 8).
Found a staircase to the Lair. 😎 HP[+1]
Your hp is fully restored (71).
There is an open door here.
Found a stone staircase leading down.
There is an open door here.
Things that are here:
a +0 dagger; a +0 shortbow Amaemon shouts!
You hear a howl!
You bludgeon Amaemon! Your grab misses Amaemon. You barely miss Amaemon.
You grab Amaemon. You squeeze Amaemon. You constrict Amaemon.
Amaemon hits you with a -1 demon whip of venom!
You are poisoned.
Amaemon closely misses you. Amaemon tail-slaps you.
The wolf barely misses you. 😕 HP[-10]
You take 10 damage, and now have 61/71 hp.
You barely miss Amaemon. You squeeze Amaemon! You constrict Amaemon.
You feel very sick. Amaemon misses you. Amaemon claws you!
Amaemon completely misses you.
The wolf completely misses you. 😮 HP[-10]
You take 10 damage, and now have 51/71 hp.
You completely miss Amaemon. Your squeeze misses Amaemon.
You constrict Amaemon.
You feel very sick. The wolf closely misses you.
Amaemon hits you with a -1 demon whip of venom!
* * * LOW HITPOINT WARNING * * *
You are more poisoned.
Amaemon claws you!
* * * LOW HITPOINT WARNING * * *
Amaemon completely misses you.
The wolf completely misses you. 😨 HP[-28]
You take 28 damage, and now have 23/71 hp.
MASSIVE DAMAGE!! (PAUSE)
You feel better.
You constrict Amaemon. The wolf misses you. The hound completely misses you.
Amaemon misses you. Amaemon claws you.
* * * LOW HITPOINT WARNING * * *
Amaemon tail-slaps you.
* * * LOW HITPOINT WARNING * * *
😨 HP[+5]
You regained 5 hp, and now have 28/71 hp.
As you read the scroll of summoning, it crumbles to dust.
Wisps of shadow whirl around you...
You constrict Amaemon. The wolf bites you.
* * * LOW HITPOINT WARNING * * *
The hound misses you. The wolf misses you.
Amaemon hits you with a -1 demon whip of venom!
* * * LOW HITPOINT WARNING * * *
You are poisoned.
Amaemon claws you!
* * * LOW HITPOINT WARNING * * *
Amaemon barely misses you. The hound misses you. 😱 HP[-25]
You take 25 damage, and now have 3/71 hp.
MASSIVE DAMAGE!! (PAUSE) It was a potion of magic.
Magic courses through your body.
You constrict Amaemon.
You die...
Your body crumbles into a pile of gold.

Skill      XL: |  1  2  3  4  5  6  7  8  9 10 |
---------------+-------------------------------+-----
Fighting       | 2 3 4 5 6 7 |  7.4
Dodging        | 3 4 6 7 |  7.7
Unarmed Combat | 4 5 6 7 8 |  8.0
Shapeshifting  | 4 5 6 7 |  7.5

Action                     |  1- 3 |  4- 6 |  7- 9 | 10-12 || total
---------------------------+-------+-------+-------+-------++-------
  Melee: Unarmed           |    58 |    98 |   212 |    51 ||   419
         Constrict         |    15 |    18 |    40 |     8 ||    81
         Tentacles         |     8 |    24 |    58 |    15 ||   105
         Punch             |     1 |     7 |     9 |     4 ||    21
  Throw: Stone             |       |     5 |       |       ||     5
         Dart              |       |     2 |     3 |       ||     5
         Boomerang         |       |       |       |     1 ||     1
  Evoke: Wand              |       |       |     7 |     1 ||     8
    Use: Potion            |       |     2 |     4 |     2 ||     8
         Scroll            |       |       |    13 |     1 ||    14
   Stab: Sleeping          |     8 |     2 |    12 |       ||    22
         Distracted        |       |       |     2 |     1 ||     3
 Armour: Skin              |     3 |     7 |    18 |    30 ||    58
  Dodge: Dodged            |    25 |    61 |   183 |    57 ||   326

Levels and vault maps discovered:
D:1:      giann_forest_graveyard, layout_basic
D:2:      cheibrodos_fertilizer, layout_basic, uniq_sigmund
D:3:      layout_basic, nicolae_ru_great_annihilating_truth,
          kiku_gazebo_garden_becter, old_standard_altar,
          biasface_ghost_orc_armoury, uniq_robin, uniq_grinder
D:4:      layout_basic, chequers_temple_overflow_statue_of_worship, uniq_ijyb
D:5:      layout_cave_pools, mainiacjoe_overflow_small_starburst, serial_shops,
          shop_fountains, shop, shop, nicolae_shop_tiny_real_fake_doors,
          nicolae_shop_tiny_waterfront, kennysheep_small_square
D:6:      layout_cave_pools, evilmike_ruin_ashenzari,
          minmay_temple_entry_statues, hangedman_glass_teeth
D:7:      layout_cave_pools, general_overflow_altar, uniq_jeremiah, uniq_maggie
D:8:      layout_basic, nicolae_overflow_crystal_walls, erik_lair_island,
          uniq_amaemon, uniq_grum, uniq_erica

Notes
Turn   | Place    | Note
-------+----------+-------------------------------------------
     0 | D:1      | spiderkeys the Octopode Shapeshifter began the quest for
                  | the Orb.
     0 | D:1      | Reached XP level 1. HP: 13/13 MP: 1/1
     0 | D:1      | magus.rc [v1.11.6]
    11 | D:1      | You add the spells Ozocubu's Armour and Ozocubu's
                  | Refrigeration to your library.
   160 | D:1      | Reached XP level 2. HP: 15/18 MP: 2/2
   766 | D:2      | Reached XP level 3. HP: 23/23 MP: 3/3
   904 | D:2      | Reached skill level 2 in Fighting
   904 | D:2      | Reached XP level 4. HP: 27/29 MP: 4/4
  1100 | D:2      | Noticed Sigmund
  1112 | D:2      | Killed Sigmund
  1113 | D:2      | Reached skill level 3 in Fighting
  1113 | D:2      | Reached skill level 3 in Dodging
  1113 | D:2      | Reached skill level 4 in Unarmed Combat
  1113 | D:2      | Reached skill level 4 in Shapeshifting
  1113 | D:2      | Reached XP level 5. HP: 30/36 MP: 5/5
  1113 | D:2      | Reached XP level 6. HP: 35/42 MP: 6/6
  1527 | D:3      | Noticed Robin
  1563 | D:3      | Killed Robin
  1599 | D:3      | Found a sacrificial altar of Ru.
  1687 | D:2      | HP: 10/42 [poisoned by an adder]
  1691 | D:2      | HP: 4/42 [poisoned by an adder]
  1692 | D:2      | HP: 1/42 [poisoned by an adder]
  1970 | D:3      | Reached skill level 4 in Dodging
  1970 | D:3      | Reached XP level 7. HP: 32/46 MP: 7/7
  2057 | D:3      | Found a white marble altar of Elyvilon.
  2306 | D:3      | Found an ancient bone altar of Kikubaaqudgha.
  2333 | D:3      | Noticed Grinder
  2348 | D:3      | Killed Grinder
  2349 | D:3      | Reached skill level 4 in Fighting
  2397 | D:3      | Identified the amulet "Moomes" {Regen+ Str+2 Stlth+}
  2547 | D:3      | Found a runed translucent gate.
  2547 | D:3      | Found a runed translucent gate.
  2548 | D:3      | Found a runed translucent gate.
  2556 | D:3      | Identified the +9 spear of the Nurturing Gods {flame, Fly
                  | rF+ rCorr Str-3}
  2556 | D:3      | Identified the +0 chain mail of Utenuted {*Corrode rElec
                  | rPois Regen+}
  2556 | D:3      | Noticed Elion's ghost (amateur NaSh)
  2940 | D:4      | Reached skill level 5 in Unarmed Combat
  3100 | D:4      | Noticed Ijyb
  3106 | D:4      | Killed Ijyb
  3386 | D:4      | Found an opulent altar of Gozag.
  3388 | D:4      | Found a shimmering altar of Xom.
  3388 | D:4      | Found an iron altar of Okawaru.
  3394 | D:4      | You add the spells Iskenderun's Battlesphere, Leda's
                  | Unmaking and Spellforged Servitor to your library.
  3398 | D:4      | Became a worshipper of Gozag Ym Sagoz the Greedy
  3467 | D:4      | Reached skill level 5 in Shapeshifting
  3563 | D:4      | Reached XP level 8. HP: 45/54 MP: 8/8
  3731 | D:5      | Entered Level 5 of the Dungeon
  3811 | D:5      | Found Sutyduz's Book Emporium.
  3865 | D:5      | Found Jocagano's Distillery.
  3882 | D:5      | Found a shimmering blue altar of Sif Muna.
  3901 | D:5      | Reached skill level 5 in Dodging
  3946 | D:5      | Bought a potion of heal wounds for 65 gold pieces
  4003 | D:5      | You add the spells Apportation and Alistair's Intoxication
                  | to your library.
  4093 | D:5      | Found Quolisao's Assorted Antiques.
  4100 | D:5      | Bought an emerald ring for 125 gold pieces
  4101 | D:5      | Bought a grey potion for 22 gold pieces
  4149 | D:5      | Found Guptud's Distillery.
  4275 | D:5      | Found Neego's Assorted Antiques.
  4304 | D:6      | Found a staircase to the Ecumenical Temple.
  4359 | D:6      | Found a broken altar of Ashenzari.
  4399 | D:6      | Reached skill level 5 in Fighting
  4439 | D:6      | You add the spells Blink and Manifold Assault to your
                  | library.
  4625 | D:6      | Reached skill level 6 in Unarmed Combat
  4941 | D:7      | Noticed Jeremiah
  5034 | D:7      | Killed Jeremiah
  5035 | D:7      | Reached skill level 6 in Dodging
  5035 | D:7      | Reached skill level 6 in Shapeshifting
  5035 | D:7      | Reached XP level 9. HP: 54/62 MP: 9/9
  5077 | D:7      | Noticed Maggie
  5227 | D:7      | Killed Maggie
  5228 | D:7      | Reached skill level 6 in Fighting
  5403 | D:7      | HP: 14/62 [killer bee (8)]
  5408 | D:7      | HP: 14/63 [poisoned by a killer bee]
  5408 | D:7      | HP: 4/63 [killer bee (10)]
  5412 | D:7      | Reached skill level 7 in Unarmed Combat
  5586 | D:7      | Found a sparkling altar of Nemelex Xobeh.
  5680 | D:8      | Noticed Amaemon
  5709 | D:7      | Upgraded the game from 0.31-a0-656-gb4d89c20fa to
                  | 0.31-a0-662-g684573625c
  5709 | D:7      | magus.rc [v1.11.6]
  5837 | D:8      | Noticed a troll
  5852 | D:8      | Killed a troll
  5853 | D:8      | Reached skill level 7 in Dodging
  5857 | D:8      | Reached skill level 7 in Shapeshifting
  5942 | D:8      | Reached XP level 10. HP: 51/69 MP: 10/10
  5947 | D:8      | Reached skill level 7 in Fighting
  6206 | D:8      | Reached skill level 8 in Unarmed Combat
  6234 | D:8      | Found a staircase to the Lair.
  6273 | D:8      | HP: 14/71 [Amaemon/-1 demon whip of venom (13)]
  6273 | D:8      | HP: 3/71 [Amaemon/-1 demon whip of venom (11)]
  6274 | D:8      | Succumbed to Amaemon's poison

Vanquished Creatures
  Jeremiah (D:7)
  Maggie (D:7)
  A troll (D:8)
  Grinder (D:3)
  Sigmund (D:2)
  A steam dragon (D:7)
  6 yaks (D:8)
  A water moccasin (D:6)
  2 ogres
  2 centaurs
  3 wolves (D:8)
  A phantom (D:5)
  A kobold brigand (D:3)
  A gnoll sergeant (D:8)
  A scorpion (D:7)
  7 killer bees
  2 howler monkeys (D:8)
  7 hounds
  4 jellies
  An orc priest (D:8)
  A sleepcap (D:6)
  Ijyb (D:4)
  A gnoll bouda (D:7)
  5 iguanas
  2 orc wizards
  Robin (D:3)
  14 adders
  7 gnolls
  2 shadow imps (D:6)
  An ufetubus (D:5)
  2 dart slugs
  17 orcs
  5 bats
  11 endoplasms
  3 giant cockroaches
  10 goblins
  14 hobgoblins
  3 quokkas
  10 ball pythons
  5 frilled lizards
  10 kobolds
  4 rats
174 creatures vanquished.

Table legend:
 A = Non-vault XP
 B = Vault XP
 C = Vault XP percentage of total XP
 D = Non-vault monster count
 E = Vault monster count
 F = Vault count percentage of total count
                 A         B        C        D         E       F
            +---------+---------+-------+---------+---------+-------
      Total |    3954 |    2378 |  37.6 |     130 |      44 |  25.3
            +---------+---------+-------+---------+---------+-------
        D:1 |      33 |       0 |   0.0 |      20 |       0 |   0.0
        D:2 |      83 |     342 |  80.5 |      21 |      16 |  43.2
        D:3 |     153 |     351 |  69.6 |      14 |      17 |  54.8
        D:4 |     225 |      39 |  14.8 |      12 |       1 |   7.7
        D:5 |     367 |       2 |   0.5 |      12 |       1 |   7.7
        D:6 |     575 |       0 |   0.0 |      14 |       0 |   0.0
        D:7 |     716 |     860 |  54.6 |      16 |       2 |  11.1
        D:8 |    1802 |     784 |  30.3 |      21 |       7 |  25.0
            +---------+---------+-------+---------+---------+-------

Skill      XL: |  1  2  3  4  5  6  7  8  9 10 |
---------------+-------------------------------+-----
Fighting       | 2 3 4 5 6 7 |  7.4
Dodging        | 3 4 6 7 |  7.7
Unarmed Combat | 4 5 6 7 8 |  8.0
Shapeshifting  | 4 5 6 7 |  7.5

Action                     |  1- 3 |  4- 6 |  7- 9 | 10-12 || total
---------------------------+-------+-------+-------+-------++-------
  Melee: Unarmed           |    58 |    98 |   212 |    51 ||   419
         Constrict         |    15 |    18 |    40 |     8 ||    81
         Tentacles         |     8 |    24 |    58 |    15 ||   105
         Punch             |     1 |     7 |     9 |     4 ||    21
  Throw: Stone             |       |     5 |       |       ||     5
         Dart              |       |     2 |     3 |       ||     5
         Boomerang         |       |       |       |     1 ||     1
  Evoke: Wand              |       |       |     7 |     1 ||     8
    Use: Potion            |       |     2 |     4 |     2 ||     8
         Scroll            |       |       |    13 |     1 ||    14
   Stab: Sleeping          |     8 |     2 |    12 |       ||    22
         Distracted        |       |       |     2 |     1 ||     3
 Armour: Skin              |     3 |     7 |    18 |    30 ||    58
  Dodge: Dodged            |    25 |    61 |   183 |    57 ||   326

Illustrated notes

Table legend:
 A = Kills in this place as a percentage of kills in the entire game.
 B = Kills by you in this place as a percentage of kills by you in the entire game.
 C = Kills by friends in this place as a percentage of kills by friends in the entire game.
 D = Other kills in this place as a percentage of other kills in the entire game.
 E = Experience gained in this place as a percentage of experience gained in the entire game.
 F = Experience gained in this place divided by the number of levels of this place that you have seen.
                   A       B       C       D       E      F
               +-------+-------+-------+-------+-------+----------------------
         Total | 100.0 | 100.0 |   N/A |   N/A | 100.0 | 791.5
       Dungeon | 100.0 | 100.0 |   N/A |   N/A | 100.0 | 791.5
               +-------+-------+-------+-------+-------+----------------------

Table legend: (Time is in decaauts)
 A = Elapsed time spent in this place.
 B = Non-inter-level travel time spent in this place.
 C = Inter-level travel time spent in this place.
 D = Time resting spent in this place.
 E = Time spent auto-exploring this place.
 F = Levels seen in this place.
 G = Mean time per level.
                   A        B        C        D        E       F      G
               +--------+--------+--------+--------+--------+-----+--------+
         Total |   6195 |   5956 |    239 |    286 |   4331 |   8 |  774.4 |
       Dungeon |   6195 |   5956 |    239 |    286 |   4331 |   8 |  774.4 |
               +--------+--------+--------+--------+--------+-----+--------+

Top non-repeatable levels by time:
     D:3: 1131 daAuts
     D:2: 1004 daAuts
     D:4: 800 daAuts
     D:1: 760 daAuts
     D:7: 692 daAuts
     D:6: 656 daAuts
     D:8: 582 daAuts
     D:5: 566 daAuts
